 Dungeon Crawl Stone Soup version 0.29-a0-1052-g6990b1bffc (webtiles) character file.

Game seed: 14273128622076844155

1540 ytrimaz the Martial Artist (level 8, -3/58 HPs)
             Began as a Demonspawn Transmuter on Aug 18, 2022.
             Was an Initiate of Gozag.
             Slain by Duvessa
             ... wielding a +0 short sword
              (15 damage)
             ... on level 6 of the Dungeon.
             The game lasted 00:05:45 (6745 turns).

ytrimaz the Martial Artist (Demonspawn Transmuter)  Turns: 6745, Time: 00:05:45

Health: -3/58      AC:  6    Str: 10    XL:     8   Next: 56%
Magic:  11/11      EV: 14    Int: 17    God:    Gozag
Gold:   1014       SH:  0    Dex: 14    Spells: 10/11 levels left

rFire   . . .      SeeInvis .     - Unarmed
rCold   . . .      Faith    .   (no shield)
rNeg    . . .      Spirit   .   a - +0 robe
rPois   .          Reflect  .   (helmet currently unavailable)
rElec   .          Harm     .   (no cloak)
rCorr   .          Rampage  .   (no gloves)
Will    .....                   (boots currently unavailable)
Stlth   +.........              (no amulet)
HPRegen 0.19/turn               n - +4 ring of protection
MPRegen 0.12/turn               (no ring)

@: appendages (expiring), flying
A: talons 2, antennae 1, powered by death 2, spiny 1
a: End Transformation, Renounce Religion, Potion Petition, Call Merchant, Bribe
Branch


You were on level 6 of the Dungeon.
You worshipped Gozag.
Gozag was most pleased with you.
You had temporarily grown beastly talons.
You visited 1 branch of the dungeon, and saw 6 of its levels.

You collected 1014 gold pieces.

Inventory:

Armour
 a - a +0 robe (worn)
Jewellery
 n - a +4 ring of protection (left hand)
Wands
 k - a wand of roots (8)
Scrolls
 d - 2 scrolls of butterflies
 e - 5 scrolls of teleportation
 g - a scroll of blinking
Potions
 b - 2 potions of mutation
 c - 3 potions of brilliance
 h - a potion of attraction
 i - a potion of ambrosia
 l - a potion of flight
 m - 3 potions of curing


   Skills:
 + Level 3.1 Fighting
 + Level 4.8 Dodging
 + Level 8.7 Unarmed Combat
 - Level 2.0 Spellcasting
 - Level 1.7 Transmutations


You had 10 spell levels left.
You knew the following spells:

 Your Spells              Type           Power      Damage    Failure   Level
a - Beastly Appendage     Tmut           14%        N/A       10%         1

Your spell library contained the following spells:

 Spells                   Type           Power      Damage    Failure   Level
 Wereblood                Tmut           7%         N/A       14%         2
 Foxfire                  Conj/Fire      4%         2x1d4     19%         1
 Spider Form              Tmut/Pois      4%         N/A       38%         3
 Conjure Flame            Conj/Fire      1%         6-21      50%         3
 Inner Flame              Hex/Fire       1%         N/A       50%         3
 Ice Form                 Ice/Tmut       4%         N/A       80%         4
 Flame Wave               Conj/Fire      1%         2d4       88%         4
 Malign Gateway           Summ/Tloc      0%         N/A       100%        7
 Summon Horrible Things   Summ           0%         N/A       100%        8


Dungeon Overview and Level Annotations

Branches:
Dungeon (6/15)
 Temple: D:4-7

Altars:
Cheibriados
Fedhas
Gozag
Hepliaklqana
Nemelex Xobeh
Qazlal
Ru
Sif Muna
Trog
Uskayaw
Vehumet
Xom

Annotations:
D:6 Duvessa


Innate Abilities, Weirdness & Mutations

You have temporarily grown beastly talons.
You have a pair of small antennae on your head.
You regenerate health from kills.
You are partially covered in sharp spines.


Message History

It was a potion of heal wounds.
You feel much better. Duvessa hits you with a +0 short sword.
Duvessa barely misses you.
Okay, then.
Okay, then.
Your feet morph into talons.
Duvessa barely misses you.
You hit Duvessa but do no damage.
Duvessa is heavily wounded.
Duvessa hits you but does no damage.
You hit Duvessa but do no damage. You claw Duvessa, but do no damage.
Duvessa is heavily wounded.
Duvessa misses you. Duvessa closely misses you.
You completely miss Duvessa.
Duvessa is heavily wounded.
Duvessa is struck by your spines. Duvessa barely misses you.
You hit Duvessa but do no damage.
Duvessa is severely wounded.
Duvessa hits you with a +0 short sword!
You hit Duvessa but do no damage. You claw Duvessa, but do no damage.
Duvessa is severely wounded.
Duvessa hits you with a +0 short sword. x2
You hit Duvessa but do no damage. You claw Duvessa, but do no damage.
Duvessa is severely wounded.
Duvessa closely misses you.
You hit Duvessa but do no damage. You claw Duvessa, but do no damage.
Duvessa is severely wounded.
Duvessa is struck by your spines. Duvessa hits you with a +0 short sword!
* * * LOW HITPOINT WARNING * * *
You feel much better. Duvessa hits you with a +0 short sword!
Duvessa is struck by your spines. Duvessa misses you.
You are too injured to fight recklessly!
You barely miss Duvessa. Your punch misses Duvessa.
Duvessa is severely wounded.
Your transformation is almost over.
Duvessa hits you with a +0 short sword!
* * * LOW HITPOINT WARNING * * *
You hit Duvessa. Your kick misses Duvessa.
Duvessa is severely wounded.
Duvessa is struck by your spines. Duvessa hits you with a +0 short sword!
You die...
Your body crumbles into a pile of gold.

### #._..._8# #######
#8.8..8.# $ ....... $
.######### ########.
....... .........
.....[. ######..
....... #....#
....... #.####
......e## ###.#
......$@##### #...#
...#.##.....#####.###
#####.....#.#
#####.#.#
########...#
+.........>#
#####...########
#..........##
#....###.#..#


You could see Duvessa (berserk).

Vanquished Creatures
  A steam dragon (D:5)
  Menkaure (D:6)
  An ice beast (D:6)
  A sky beast (D:6)
  2 phantoms
  A bullfrog (D:6)
  A necrophage (D:6)
  3 scorpions (D:6)
  A howler monkey (D:5)
  2 orc priests (D:6)
  A hound (D:5)
  5 iguanas
  Natasha (thrice) (D:3)
  4 orc wizards
  8 adders
  2 dart slugs
  20 orcs
  7 ball pythons
  10 endoplasms
  3 giant cockroaches
  9 goblins
  5 hobgoblins
  6 jackals (D:4)
  2 quokkas
  12 bats
  A frilled lizard (D:1)
  5 kobolds
  4 rats
121 creatures vanquished.

Vanquished Creatures (collateral kills)
  Dowan (D:6)
1 creature vanquished.

Vanquished Creatures (others)
  A wizard (D:3)
  28 fungi
  A plant (D:6)
30 creatures vanquished.

Grand Total: 152 creatures vanquished

Notes
Turn   | Place    | Note
-------+----------+-------------------------------------------
     0 | D:1      | ytrimaz the Demonspawn Transmuter began the quest for the
                  | Orb.
     0 | D:1      | Reached XP level 1. HP: 15/15 MP: 3/3
   294 | D:1      | Found a faded altar of an unknown god.
   334 | D:1      | Prayed at the altar of an unknown god.
   334 | D:1      | Became a worshipper of Gozag Ym Sagoz the Greedy
   490 | D:1      | Reached skill level 3 in Unarmed Combat
   490 | D:1      | Gained mutation: You are partially covered in sharp spines.
                  | [demonic ancestry]
   490 | D:1      | Reached XP level 2. HP: 21/21 MP: 1/5
  1221 | D:2      | Reached XP level 3. HP: 16/26 MP: 4/6
  1986 | D:2      | Found a sacrificial altar of Ru.
  2163 | D:2      | Gained mutation: You regenerate a little health from kills.
                  | [demonic ancestry]
  2163 | D:2      | Reached XP level 4. HP: 29/32 MP: 5/7
  2164 | D:2      | Reached skill level 4 in Unarmed Combat
  2387 | D:3      | Found a snail-covered altar of Cheibriados.
  2410 | D:3      | Found a bloodstained altar of Trog.
  2413 | D:3      | Noticed a wizard
  2418 | D:3      | Killed a wizard
  2607 | D:3      | Noticed Natasha
  2608 | D:3      | Found a hazy altar of Hepliaklqana.
  2619 | D:3      | Killed Natasha
  3038 | D:3      | Noticed Natasha
  3052 | D:3      | Killed Natasha
  3244 | D:3      | Noticed Natasha
  3252 | D:3      | Killed Natasha
  3253 | D:3      | Lost mutation: You have a pair of horns on your head.
                  | [demonic ancestry]
  3253 | D:3      | Lost mutation: You have a pair of small horns on your head.
                  | [demonic ancestry]
  3253 | D:3      | Gained mutation: You have a pair of small antennae on your
                  | head. [demonic ancestry]
  3253 | D:3      | Reached XP level 5. HP: 28/37 MP: 6/8
  3741 | D:3      | Found a sparkling altar of Nemelex Xobeh.
  3909 | D:4      | Noticed a phantom
  3915 | D:4      | Found a hide-covered altar of Uskayaw.
  3920 | D:4      | Killed a phantom
  3921 | D:4      | Reached skill level 5 in Unarmed Combat
  4342 | D:4      | Found a shimmering blue altar of Sif Muna.
  4358 | D:4      | Gained mutation: You regenerate health from kills. [demonic
                  | ancestry]
  4358 | D:4      | Reached XP level 6. HP: 44/44 MP: 7/9
  4501 | D:5      | Entered Level 5 of the Dungeon
  4502 | D:5      | Noticed a steam dragon
  4509 | D:5      | Killed a steam dragon
  4679 | D:5      | Found a radiant altar of Vehumet.
  4692 | D:5      | Reached skill level 6 in Unarmed Combat
  4824 | D:5      | Reached XP level 7. HP: 46/50 MP: 8/10
  5770 | D:6      | Reached skill level 7 in Unarmed Combat
  6068 | D:6      | Reached XP level 8. HP: 36/57 MP: 9/11
  6452 | D:6      | Reached skill level 8 in Unarmed Combat
  6452 | D:6      | Found a stormy altar of Qazlal.
  6452 | D:6      | Found a snail-covered altar of Cheibriados.
  6468 | D:6      | Found a shimmering altar of Xom.
  6468 | D:6      | Found a blossoming altar of Fedhas.
  6621 | D:6      | Noticed Menkaure
  6635 | D:6      | Killed Menkaure
  6715 | D:6      | Noticed Duvessa
  6715 | D:6      | Noticed Dowan
  6725 | D:6      | Killed Dowan
  6745 | D:6      | Slain by Duvessa

Illustrated notes

Levels and vault maps discovered:
D:1:      enne_arrival_octagon_isle, layout_basic, basic_ecumenical_altar
D:2:      kennysheep_the_goblin_king, layout_loops_ring, basic_altar,
          hangedman_decor_riveting
D:3:      layout_loops_cross, nicolae_hepliaklqana_hazy_memory,
          nemelex_dance_club_becter, cheibriados_altar_1, trog_wizard,
          uniq_natasha, uniq_crazy_yiuf_cottage
D:4:      layout_basic, nicolae_uskayaw_murder_on_the_dancefloor,
          kennysheep_little_box, hangedman_decor_push
D:5:      layout_loops_ring, mainiacjoe_overflow_tiny_flanked,
          nicolae_tso_carved_into_rock, serial_aquarium,
          aquarium_bridge_island_large [aquarium_subvault_large_4_pools,
          aquarium_subvault_bridge, aquarium_subvault_bridge,
          aquarium_subvault_balcony, aquarium_subvault_window],
          aquarium_window_2, aquarium_window_corridor_3, aquarium_view_2g,
          aquarium_view_4
D:6:      old_forge, layout_basic, doesnt_xom_only_xom, minmay_misc_feat_roman,
          uniq_menkaure, uniq_sigmund, uniq_duvessa

Skill      XL: |  1  2  3  4  5  6  7  8 |
---------------+-------------------------+-----
Dodging        | 2 3 4 |  4.8
Unarmed Combat | 3 4 5 6 7 8 |  8.7
Fighting       | 2 3 |  3.1
Spellcasting   | |  2.0
Transmutations | |  1.7

Action                   |  1- 3 |  4- 6 |  7- 9 || total
-------------------------+-------+-------+-------++-------
Melee: Unarmed           |    54 |    97 |   149 ||   300
       Kick              |    10 |    31 |    41 ||    82
       Headbutt          |     7 |     4 |       ||    11
       Punch             |       |     3 |     4 ||     7
 Cast: Beastly Appendage |    26 |    32 |    21 ||    79
  Use: Scroll            |     7 |     5 |     3 ||    15
       Potion            |       |     2 |     7 ||     9
 Stab: Sleeping          |     2 |     1 |     1 ||     4
       Distracted        |       |       |     1 ||     1
Armor: Robe              |     9 |     9 |    22 ||    40
       Skin              |       |     1 |       ||     1
Dodge: Dodged            |    26 |    49 |    70 ||   145

Table legend: (Time is in decaauts)
 A = Elapsed time spent in this place.
 B = Non-inter-level travel time spent in this place.
 C = Inter-level travel time spent in this place.
 D = Time resting spent in this place.
 E = Time spent auto-exploring this place.
 F = Levels seen in this place.
 G = Mean time per level.
                   A        B        C        D        E       F      G
               +--------+--------+--------+--------+--------+-----+--------+
         Total |   6721 |   6584 |    137 |    487 |   5074 |   6 | 1120.2 |
       Dungeon |   6721 |   6584 |    137 |    487 |   5074 |   6 | 1120.2 |
               +--------+--------+--------+--------+--------+-----+--------+

Top non-repeatable levels by time:
     D:3: 1480 daAuts
     D:1: 1200 daAuts
     D:6: 1191 daAuts
     D:2: 1130 daAuts
     D:5: 1038 daAuts
     D:4: 680 daAuts
